 Dungeon Crawl Stone Soup version 0.23.1-41-g7e51ed3 (webtiles) character file.

Game seed: 257179494755404215

718 Borgoz the Cutter (level 7, -1/42 HPs)
             Began as a Gargoyle Gladiator on Mar 30, 2019.
             Was an Initiate of Ashenzari.
             Slain by a wyvern skeleton (10 damage)
             ... on level 6 of the Dungeon.
             The game lasted 00:06:06 (4148 turns).

Borgoz the Cutter (Gargoyle Gladiator)              Turns: 4148, Time: 00:06:06

Health: -1/42      AC: 16    Str: 18    XL:     7   Next: 70%
Magic:  7/7        EV: 11    Int:  8    God:    Ashenzari [......]
Gold:   140        SH:  0    Dex: 13    Spells: 6/6 levels left

rFire    . . .     SeeInvis .   b - +2 dagger (venom)
rCold    . . .     Gourm    .   (no shield)
rNeg     + . .     Faith    .   n - +0 scale mail (curse)
rPois    ∞         Spirit   .   c - +0 helmet
rElec    +         Reflect  .   (no cloak)
rCorr    .         Harm     .   g - +1 pair of gloves {archery}
MR       .....                  e - +0 pair of boots
Stlth    +.........             (no amulet)
HPRegen  0.14/turn              (no ring)
MPRegen  0.10/turn              (no ring)

@: no status effects
A: negative energy resistance 1, electricity resistance, unbreathing,
petrification resistance, rot immunity, AC +4
a: Curse Item, Renounce Religion


You were on level 6 of the Dungeon.
You worshipped Ashenzari.
Ashenzari was noncommittal.
You were near starving.

You visited 1 branch of the dungeon, and saw 6 of its levels.
You also visited: Sewer.

You collected 140 gold pieces.

Inventory:

Hand Weapons
 a - a +0 rapier
 b - a +2 dagger of venom (weapon)
Missiles
 d - 3 throwing nets (quivered)
Armour
 c - a +0 helmet (worn)
 e - a +0 pair of boots (worn)
 g - a +1 pair of gloves of archery (worn)
 n - a cursed +0 scale mail (worn)
 s - a +2 ring mail of fire resistance
Wands
 q - a wand of scattershot (6)
Scrolls
 h - a scroll of immolation {unknown}
 i - a scroll of magic mapping
 p - a scroll of teleportation
Potions
 k - 4 potions of flight
 l - 6 potions of curing
 m - 2 potions of brilliance
 o - a potion of heal wounds
 t - a potion of agility {unknown}
Comestibles
 f - 4 rations


   Skills:
 + Level 3.7 Fighting
 * Level 4.5 Short Blades
 - Level 1.7 Throwing
 * Level 4.2 Armour
 * Level 4.2 Dodging
 + Level 3.0 Stealth


You had 6 spell levels left.
You didn't know any spells.
Your spell library was empty.

Dungeon Overview and Level Annotations

Branches:
Dungeon (6/15)
 Temple: D:4-7

Altars:
Ashenzari

Annotations:
D:3 3 runed translucent doors, Tramtrist's ghost, amateur DsBe


Innate Abilities, Weirdness & Mutations

You are resistant to torment.
Your stone body is resilient. (AC +4)
You are immune to poison.
You resist negative energy. (rN+)
You are resistant to electric shocks. (rElec)
You can survive without breathing.
You are immune to petrification.
You are immune to rotting.


Message History

You hit the wyvern skeleton.
The wyvern skeleton is almost destroyed.
The wyvern skeleton bites you.
You hit the wyvern skeleton.
The wyvern skeleton is almost destroyed.
The wyvern skeleton bites you.
You are too injured to fight recklessly!
You are too injured to fight recklessly!
You are too injured to fight recklessly!
You are too injured to fight recklessly!
You hit the wyvern skeleton.
The wyvern skeleton is almost destroyed.
The wyvern skeleton bites you.
The wyvern skeleton bites you but does no damage.
The wyvern skeleton bites you!
* * * LOW HITPOINT WARNING * * *
You completely miss the wyvern skeleton.
The wyvern skeleton is almost destroyed.
The wyvern skeleton bites you!
You die...

#........#
##........#
#.........#
.......<.#
#.......#
#.......#
#..<...#
#......#
##..@..#
#.Z...#
........#
...........#
......###.###
.....# ##
..... ....#


You could see a wyvern skeleton.

Vanquished Creatures
  Sigmund (D:4)
  A big kobold (Sewer)
  A gnoll sergeant (D:5)
  A scorpion (D:4)
  2 howler monkeys (D:4)
  2 worker ants
  A killer bee zombie (D:5)
  A hound skeleton (D:5)
  Robin (D:3)
  3 gnolls (D:5)
  8 adders (D:3)
  2 river rats (Sewer)
  A worm (D:2)
  3 leopard geckos
  4 orcs (D:5)
  9 giant cockroaches
  19 goblins
  8 hobgoblins
  5 jackals
  7 kobolds
  A quokka (D:4)
  11 bats
  3 frilled lizards
  A quokka skeleton (D:4)
  7 rats
103 creatures vanquished.

Notes
Turn   | Place    | Note
-------+----------+-------------------------------------------
     0 | D:1      | Borgoz the Gargoyle Gladiator began the quest for the Orb.
     0 | D:1      | Reached XP level 1. HP: 12/12 MP: 1/1
   175 | D:1      | Reached XP level 2. HP: 17/17 MP: 2/2
   615 | D:1      | Reached skill level 1 in Armour
  1171 | D:2      | Reached skill level 1 in Stealth
  1174 | D:2      | Reached XP level 3. HP: 20/22 MP: 3/3
  1773 | D:3      | Noticed Robin
  1791 | D:3      | Reached XP level 4. HP: 27/27 MP: 4/4
  1849 | D:3      | Killed Robin
  1994 | D:3      | Found a glowing drain.
  2010 | D:3      | Reached XP level 5. HP: 23/32 MP: 5/5
  2044 | Sewer    | Entered a sewer
  2321 | Sewer    | Noticed a big kobold
  2341 | Sewer    | Killed a big kobold
  2341 | Sewer    | Reached XP level 6. HP: 37/37 MP: 6/6
  2368 | Sewer    | Found a white marble altar of Elyvilon.
  2811 | D:3      | Found a runed translucent gate.
  2812 | D:3      | Found a runed translucent gate.
  2812 | D:3      | Noticed Tramtrist's ghost (amateur DsBe)
  2813 | D:3      | Found a runed translucent gate.
  2858 | D:4      | Noticed Sigmund
  2868 | D:4      | Killed Sigmund
  2903 | D:4      | Reached XP level 7. HP: 41/41 MP: 7/7
  3322 | D:5      | Entered Level 5 of the Dungeon
  3408 | D:5      | Found a shattered altar of Ashenzari.
  4056 | D:5      | Became a worshipper of Ashenzari the Shackled
  4148 | D:6      | Slain by a wyvern skeleton

Skill      XL: |  1  2  3  4  5  6  7 |
---------------+----------------------+-----
Armour         | 1 2 3 4 |  4.2
Short Blades   | 3 4 |  4.5
Stealth        | 1 2 3 |  3.0
Dodging        | 3 4 |  4.2
Fighting       | 3 |  3.7
Throwing       | |  1.7

Action                   |  1- 3 |  4- 6 |  7- 9 || total
-------------------------+-------+-------+-------++-------
Melee: Rapier            |   146 |    65 |       ||   211
       Dagger            |       |    94 |   100 ||   194
  Use: Scroll            |     3 |       |     4 ||     7
       Potion            |     2 |     1 |     1 ||     4
  Eat: Chunk             |     3 |     4 |     2 ||     9
Armor: Leather armour    |    27 |       |       ||    27
       Scale mail        |    76 |    94 |    68 ||   238
Dodge: Dodged            |   118 |   109 |    49 ||   276
